 Dungeon Crawl Stone Soup version 0.18-a0-1304-g6d2dd1f (webtiles) character file.

801 Cullim the Changer (level 7, -14/51 HPs)
             Began as a Demonspawn Transmuter on Feb 12, 2016.
             Was an Initiate of Makhleb.
             Killed by divine providence
             ... invoked by an orc priest
              (17 damage)
             ... on level 6 of the Dungeon.
             The game lasted 00:33:33 (4436 turns).

Cullim the Changer (Demonspawn Transmuter)          Turns: 4436, Time: 00:33:33

Health: -14/51     AC:  2    Str:  8    XL:     7   Next: 59%
Magic:  10/12      EV: 21    Int: 19    God:    Makhleb [......]
Gold:   192        SH:  0    Dex: 18    Spells: 4 memorised, 2 levels left

rFire  . . .     SeeInvis .       - Unarmed
rCold  . . .     Gourm    +     (armour currently unavailable)
rNeg   . . .     Faith    .     (shield currently unavailable)
rPois  x         Spirit   .     (helmet currently unavailable)
rElec  .         Dismiss  .     (cloak currently unavailable)
rCorr  .         Reflect  .     (gloves currently unavailable)
SustAt .         Harm     .     (boots currently unavailable)
MR     .....                    k - amulet of the gourmand
Stlth  ++........               (no ring)
                                (no ring)

@: spider-form, not resistant to hostile enchantments, unstealthy
A: (talons 0), (large bone plates 0), clever 1, powered by death 1, weak 1
a: End Transformation, Renounce Religion


You were on level 6 of the Dungeon.
You worshipped Makhleb.
Makhleb was noncommittal.
You were not hungry.
You were a venomous arachnid creature.
You visited 2 branches of the dungeon, and saw 7 of its levels.

You collected 192 gold pieces.

Inventory:

Missiles
 a - 95 arrows
Armour
 f - a +0 pair of gloves (melded)
 n - a +3 leather armour
 u - a +0 robe of cold resistance (melded)
Magical Staves
 w - an uncursed staff of fire
Jewellery
 k - an amulet of the gourmand (around neck)
Wands
 p - a wand of paralysis (13/24)
 s - a wand of enslavement (17/24)
Scrolls
 g - a scroll of immolation
 i - 2 scrolls of teleportation
 l - a scroll of fear
 m - a scroll of magic mapping {unknown}
 v - a scroll of random uselessness {unknown}
Potions
 t - a potion of lignification {unknown}
Books
 c - a book of Changes

   Spells                             Type                      Level
   a - Beastly Appendage              Transmutation                1
   b - Sticks to Snakes               Transmutation                2
   c - Spider Form                    Transmutation/Poison         3
   d - Ice Form                       Ice/Transmutation            4
   e - Blade Hands                    Transmutation                5
 r - a book of Envenomations

   Spells                             Type                      Level
   a - Spider Form                    Transmutation/Poison         3
   b - Olgreb's Toxic Radiance        Poison                       4
   c - Alistair's Intoxication        Transmutation/Poison         5
   d - Poisonous Cloud                Conjuration/Poison/Air       6
Comestibles
 d - 7 bread rations
 h - 3 beef jerkies
 o - a meat ration


   Skills:
 + Level 2.6 Fighting
 + Level 1.0 Armour
 + Level 3.4 Dodging
 - Level 1.2 Stealth
 + Level 4.0 Unarmed Combat
 + Level 3.3 Spellcasting
 * Level 5.2 Transmutations


You had 2 spell levels left.
You knew the following spells:

 Your Spells              Type           Power        Failure   Level  Hunger
a - Beastly Appendage     Trmt           ###...       6%          1    None
b - Sticks to Snakes      Trmt           ###.....     10%         2    ##.....
c - Spider Form           Trmt/Pois      ##........   36%         3    ###....
d - Ice Form              Ice/Trmt       ##......     82%         4    ####...


Dungeon Overview and Level Annotations

Branches:
Dungeon (7/15)             Temple (1/1) D:7

Altars:
Ashenzari
Cheibriados
Dithmenos
Elyvilon
Fedhas
Gozag
Kikubaaqudgha
Makhleb
Nemelex Xobeh
Okawaru
Pakellas
Qazlal
Ru
Sif Muna
Trog
Vehumet
Xom
Yredelemnul
Zin
The Shining One

Annotations:
D:7 Epollo79's ghost, novice DsGl


Innate Abilities, Weirdness & Mutations

((You have razor-sharp toenails.))
((You are partially covered in large bone plates (AC +2, SH +2).))
You regenerate a little health from kills.
Your mind is acute. (Int +2)
You are weak. (Str -2)


Message History

The orc warrior completely misses you.
You hit the orc warrior but do no damage.
The orc warrior is lightly wounded.
The orc priest mumbles some strange prayers to Beogh against you.
Something smites you!
You hit the orc warrior.
The orc warrior looks even sicker.
The orc warrior is lightly wounded.
The orc warrior closely misses you.
The orc priest calls down the wrath of Beogh upon you.
Something smites you!
You hit the orc warrior but do no damage.
The orc warrior is lightly wounded.
The orc warrior hits you with a battleaxe!
* * * LOW HITPOINT WARNING * * *
The orc priest calls down the wrath of Beogh upon you.
Something smites you!
* * * LOW HITPOINT WARNING * * *
The orc priest mumbles some strange prayers to Beogh against you.
Something smites you!
You die...

....#.# ....#.#
###.#.######## #.#........#
#.#........# #.#........#
#.#........#
#.#........################
#.#........'..s.o.o.oo.....
#.#........################
#.#........# #.#........#
#.#........# #.##########
#.# #.# #.#


You could see an orc warrior, 2 orc priests and an orc.

Vanquished Creatures
  2 ogres (D:6)
  2 giant frogs
  A scorpion (D:6)
  2 hounds
  3 orc wizards (D:3)
  An iguana (D:4)
  Ijyb (D:2)
  A worker ant (D:3)
  A hound skeleton (D:6)
  3 gnolls (D:4)
  8 adders
  2 oozes
  3 worms (D:3)
  4 giant geckos
  10 orcs
  A ball python (D:4)
  6 bats
  4 giant cockroaches
  16 goblins
  7 hobgoblins
  4 jackals
  A quokka (D:6)
  2 giant newts
  9 kobolds
  6 rats
100 creatures vanquished.

Notes
Turn   | Place    | Note
--------------------------------------------------------------
     0 | D:1      | Cullim the Demonspawn Transmuter began the quest for the Orb.
     0 | D:1      | Reached XP level 1. HP: 15/15 MP: 3/3
   135 | D:1      | Mutation became permanent: You have claws for feet. [demonic ancestry]
   135 | D:1      | Reached XP level 2. HP: 21/21 MP: 3/5
   206 | D:1      | Learned a level 2 spell: Sticks to Snakes
   463 | D:1      | Reached skill level 3 in Transmutations
   648 | D:1      | Reached XP level 3. HP: 23/26 MP: 4/6
   653 | D:1      | Learned a level 3 spell: Spider Form
   910 | D:1      | Gained mutation: You have razor-sharp toenails. [potion of mutation]
   910 | D:1      | Gained mutation: Your mind is acute. (Int +2) [potion of mutation]
   910 | D:1      | Gained mutation: You are weak. (Str -2) [potion of mutation]
   946 | D:2      | Noticed Ijyb
   969 | D:2      | Killed Ijyb
   969 | D:2      | Reached skill level 1 in Stealth
  1058 | D:2      | Reached XP level 4. HP: 27/32 MP: 1/7
  1759 | D:3      | Reached skill level 4 in Transmutations
  1759 | D:3      | Gained mutation: You regenerate a little health from kills. [demonic ancestry]
  1759 | D:3      | Reached XP level 5. HP: 31/37 MP: 2/8
  2484 | D:3      | Gained mutation: You are partially covered in large bone plates (AC +2, SH +2). [demonic ancestry]
  2484 | D:3      | Reached XP level 6. HP: 37/44 MP: 2/9
  2490 | D:3      | Learned a level 4 spell: Ice Form
  2874 | D:3      | Found a burning altar of Makhleb.
  3032 | D:3      | Found a sparkling altar of Nemelex Xobeh.
  3033 | D:3      | Found a blossoming altar of Fedhas.
  3408 | D:4      | You fall through a shaft for 3 floors!
  3425 | D:7      | Found a staircase to the Ecumenical Temple.
  3441 | Temple   | Entered the Ecumenical Temple
  3544 | Temple   | Became a worshipper of Makhleb the Destroyer
  3605 | D:7      | Noticed Epollo79's ghost (novice DsGl)
  3630 | D:7      | Noticed an ice beast
  3773 | D:6      | Reached XP level 7. HP: 50/50 MP: 7/11
  3869 | D:6      | Reached skill level 5 in Transmutations
  4227 | D:6      | Reached skill level 1 in Armour
  4432 | D:6      | HP: 2/51 [orc priest/divine providence (12)]
  4436 | D:6      | Killed from afar by an orc priest

Vault maps used:
D:1:      dpeg_arrival_lava_altar
D:2:      uniq_iyjb
D:3:      gammafunk_temple_overflow_pools, makhleb_blood_cavern_becter
D:4:      grunt_pakellas_basics
D:7:      minmay_temple_entry_purple_smoke, serial_shops, nicolae_shop_stone,
          elyvilon_altar_3
Temple:   grunt_circular_temple_18

Action                   |  1- 3 |  4- 6 |  7- 9 || total
-------------------------+-------+-------+-------++-------
Melee: Unarmed           |    89 |   204 |    49 ||   342
 Cast: Beastly Appendage |    14 |     3 |       ||    17
       Spider Form       |     3 |    28 |     7 ||    38
 Abil: End Transformatio |       |     1 |       ||     1
  Use: Scroll            |     3 |     7 |     4 ||    14
       Potion            |     1 |     5 |       ||     6
 Stab: Sleeping          |     2 |     2 |     2 ||     6
  Eat: Bread ration      |     1 |       |       ||     1
       Chunk             |       |    12 |       ||    12
       Meat ration       |       |       |     1 ||     1
